 Dungeon Crawl Stone Soup version 0.26-a0-602-gd42a14c23b (webtiles) character file.

Game seed: 2511975694935369391

476 Mitsuki the Conjurer (level 6, -25/32 HPs)
             Began as a Deep Elf Conjurer on Aug 31, 2020.
             Was an Initiate of Vehumet.
             Blown up by Ijyb (33 damage)
             ... with a disintegration bolt
             ... on level 5 of the Dungeon.
             The game lasted 00:16:58 (5084 turns).

Mitsuki the Conjurer (Deep Elf Conjurer)            Turns: 5084, Time: 00:16:59

Health: -25/32     AC:  8    Str: 12    XL:     6   Next: 84%
Magic:  15/15      EV: 29    Int: 29    God:    Vehumet [......]
Gold:   265        SH:  0    Dex: 13    Spells: 11/15 levels left

rFire    . . .     SeeInvis .   e - +2 short sword (holy)
rCold    . . .     Faith    .   (no shield)
rNeg     . . .     Spirit   .   a - +0 leather armour (curse)
rPois    .         Reflect  .   q - +0 helmet
rElec    .         Harm     .   p - +2 cloak
rCorr    .                      l - +0 pair of gloves (curse)
MR       .....                  (no boots)
Stlth    ++........             z - amulet of the acrobat
HPRegen  0.10/turn              t - +6 ring of strength
MPRegen  0.14/turn              B - +6 ring of intelligence

@: acrobat
A: no striking features
a: Renounce Religion


You were on level 5 of the Dungeon.
You worshipped Vehumet.
Vehumet was noncommittal.
You visited 2 branches of the dungeon, and saw 6 of its levels.

You collected 265 gold pieces.

Inventory:

Hand Weapons
 e - a +2 short sword of holy wrath (weapon)
Armour
 a - a cursed +0 leather armour (worn)
 l - a cursed +0 pair of gloves (worn)
 n - a +0 leather armour of cold resistance
 p - a +2 cloak (worn)
 q - a +0 helmet (worn)
Jewellery
 t - a +6 ring of strength (left hand)
 y - an uncursed amulet of regeneration
 z - an amulet of the acrobat (around neck)
 B - a +6 ring of intelligence (right hand)
Scrolls
 b - 8 scrolls of teleportation {unknown}
 d - 6 scrolls of identify {unknown}
 g - 4 scrolls of remove curse {unknown}
 h - 2 scrolls of fear {unknown}
 i - a scroll of immolation
 m - a scroll of blinking {unknown}
 o - 3 scrolls of magic mapping {unknown}
 s - a scroll of random uselessness {unknown}
 u - 2 scrolls of amnesia {unknown}
 w - a scroll of holy word {unknown}
 x - a scroll of enchant weapon {unknown}
 A - 2 scrolls of enchant armour {unknown}
Potions
 c - 2 potions of ambrosia {unknown}
 f - a potion of mutation {unknown}
 j - 2 potions of curing {unknown}
 k - 2 potions of berserk rage {unknown}
 r - a potion of heal wounds {unknown}
 v - a potion of resistance {unknown}
 C - a potion of flight {unknown}


   Skills:
 + Level 4.6 Dodging
 - Level 2.4 Stealth
 + Level 5.2 Spellcasting
 * Level 6.9 Conjurations
 + Level 2.1 Translocations


You had 11 spell levels left.
You knew the following spells:

 Your Spells              Type           Power        Failure   Level
a - Magic Dart            Conj           ####         1%          1
b - Searing Ray           Conj           #####.       1%          2
c - Apportation           Tloc           ###...       3%          1

Your spell library contained the following spells:

 Spells                   Type           Power        Failure   Level
 Dazzling Flash           Conj/Hex       ####..       5%          3
 Animate Skeleton         Necr           #.....       8%          1
 Corona                   Hex            #......      8%          1
 Summon Small Mammal      Summ           #...         8%          1
 Iskenderun's Mystic Bla  Conj/Tloc      ####....     12%         4
 Fulminant Prism          Conj/Hex       ####......   19%         4


Dungeon Overview and Level Annotations

Branches:
Dungeon (5/15)             Temple (1/1) D:4

Altars:
Ashenzari
Cheibriados
Dithmenos
Elyvilon
Fedhas
Gozag
Hepliaklqana
Kikubaaqudgha
Makhleb
Nemelex Xobeh
Qazlal
Ru
Sif Muna
Trog
Uskayaw
Vehumet
Wu Jian
Xom
Yredelemnul
Zin
The Shining One

Shops:
D:4 *

Annotations:
D:3 1 runed translucent door, Descartes's ghost, amateur DEWz
D:5 Ijyb


Message History

The leopard gecko is severely wounded.
The leopard gecko hisses angrily.
You now have 14/15 mp.
Casting: Magic Dart (safe; 1% risk of failure)
Confirm with . or Enter, or press ? or * to list all spells.
The magic dart hits the leopard gecko.
You kill the leopard gecko!
Vehumet accepts your kill.
Ijyb the Twisted Goblin comes into view.
She is wielding a -2 dagger and carrying a wand of disintegration (10).
You now have 13/15 mp.
Ijyb shouts!
Ijyb zaps a wand.
You are blasted!
Ouch! That really hurt!
* * * LOW HITPOINT WARNING * * *
You take 27 damage, and have 5/32 hp.
MASSIVE DAMAGE!!
MP restored: 15 Ijyb is nearby!
Ijyb zaps a wand.
You are blasted!
Ouch! That really hurt!
You die...

.....########.#..###.##.#
............#.#g......#.#
............'....####.#.#
............#.##.......
............#.#....#....
............#.#..#.# ...
##..........#.##.#.#...>
#..........#.........# #
##..........####@#..... #
............# #.# ... #
............####<# . #
......######.....# #
......# #.##### ...
......# #.# #... ......#
#.# #... ......######.#
#... ......'......# ###+


You could see Ijyb.

Vanquished Creatures
  An ogre (D:4)
  A centaur (D:5)
  2 orc priests (D:3)
  An orc wizard (D:3)
  A worker ant (D:5)
  3 gnolls (D:4)
  9 adders
  2 worms (D:3)
  2 dart slugs (D:1)
  2 leopard geckos
  8 orcs
  4 giant cockroaches
  5 goblins
  9 hobgoblins
  A quokka (D:4)
  3 ball pythons
  13 bats
  5 frilled lizards
  A jackal skeleton (D:4)
  10 kobolds
  7 rats
90 creatures vanquished.

Notes
Turn   | Place    | Note
-------+----------+-------------------------------------------
     0 | D:1      | Mitsuki the Deep Elf Conjurer began the quest for the Orb.
     0 | D:1      | Reached XP level 1. HP: 10/10 MP: 6/6
   344 | D:1      | Reached XP level 2. HP: 15/15 MP: 4/8
   825 | D:1      | Reached skill level 5 in Conjurations
   871 | D:1      | Reached XP level 3. HP: 19/19 MP: 5/10
  2024 | D:3      | Learned a level 2 spell: Searing Ray
  2027 | D:3      | Reached XP level 4. HP: 24/24 MP: 6/11
  2422 | D:3      | Reached XP level 5. HP: 28/28 MP: 6/13
  2533 | D:3      | Learned a level 1 spell: Apportation
  2601 | D:3      | Found a runed translucent door.
  2602 | D:3      | Noticed a sky beast
  2602 | D:3      | Noticed Descartes's ghost (amateur DEWz)
  2635 | D:3      | Reached skill level 6 in Conjurations
  2758 | D:3      | Reached skill level 1 in Translocations
  3319 | D:4      | Found a bloodstained altar of Trog.
  3488 | D:4      | Found a staircase to the Ecumenical Temple.
  3501 | Temple   | Entered the Ecumenical Temple
  3639 | Temple   | Became a worshipper of Vehumet
  3768 | D:4      | Noticed an ogre
  3774 | D:4      | Killed an ogre
  3774 | D:4      | Reached XP level 6. HP: 32/32 MP: 9/15
  3923 | D:4      | Reached skill level 5 in Spellcasting
  4012 | D:4      | Found Amypuib's General Store.
  4211 | D:5      | Entered Level 5 of the Dungeon
  5040 | D:5      | Found an opulent altar of Gozag.
  5048 | D:5      | Noticed Ijyb
  5084 | D:5      | Blown up by Ijyb

Illustrated notes

Levels and vault maps discovered:
D:1:      lightli_iron_boxes, layout_basic, glass_columns_a
D:2:      layout_basic
D:3:      layout_basic, ebering_ghost_inner_flame, minmay_joined_circles
D:4:      layout_loops_ring, lemuel_coloured_pillars_altar,
          minmay_temple_entry_drinking_statues, serial_shops, kennysheep_mini,
          st_stairs_5
D:5:      layout_basic, serial_corexii_hall, corexii_hall_statues_i,
          chequers_hall_statues_y, minivault_19,
          nicolae_gozag_cash_rules_everything_around_me, uniq_ijyb
Temple:   regret_index_temple_chain_breaker

Skill      XL: |  1  2  3  4  5  6 |
---------------+-------------------+-----
Conjurations   | 5 6 |  6.9
Dodging        | 3 4 |  4.6
Spellcasting   | 4 5 |  5.2
Translocations | 1 2 |  2.1
Stealth        | |  2.4

Action                   |  1- 3 |  4- 6 || total
-------------------------+-------+-------++-------
Melee: Short sword       |       |     1 ||     1
 Cast: Magic Dart        |    86 |    71 ||   157
       Searing Ray       |       |    10 ||    10
       Apportation       |       |     1 ||     1
Armor: Robe              |       |     2 ||     2
       Leather armour    |       |     2 ||     2
Dodge: Dodged            |     4 |    14 ||    18

Table legend: (Time is in decaauts)
 A = Elapsed time spent in this place.
 B = Non-inter-level travel time spent in this place.
 C = Inter-level travel time spent in this place.
 D = Time resting spent in this place.
 E = Time spent auto-exploring this place.
 F = Levels seen in this place.
 G = Mean time per level.
                   A        B        C        D        E       F      G
               +--------+--------+--------+--------+--------+-----+--------+
         Total |   5089 |   4928 |    161 |    192 |   4088 |   6 |  848.2 |
       Dungeon |   4929 |   4782 |    147 |    192 |   3961 |   5 |  985.8 |
        Temple |    160 |    146 |     14 |      0 |    127 |   1 |  160.0 |
               +--------+--------+--------+--------+--------+-----+--------+

Top non-repeatable levels by time:
     D:4: 1254 daAuts
     D:1: 1168 daAuts
     D:3: 1157 daAuts
     D:2: 895 daAuts
     D:5: 453 daAuts
  Temple: 160 daAuts
